 Dungeon Crawl Stone Soup version 0.20-a0-151-g755e310 (webtiles) character file.

1722314 Charly the Executioner (level 26, 254/254 HPs)
             Began as a Hill Orc Monk on Nov 22, 2016.
             Was a High Priest of Beogh.
             Escaped with the Orb
             ... and 3 runes on Nov 25, 2016!
             The game lasted 04:46:08 (62880 turns).

Charly the Executioner (Hill Orc Monk)             Turns: 62880, Time: 04:46:09

Health: 254/254    AC: 58    Str: 28    XL:     26   Next: 86%
Magic:  38/38      EV: 17    Int: 24    God:    Beogh [*****.]
Gold:   4957       SH:  0    Dex: 21    Spells: 25/33 levels left

rFire  + . .     SeeInvis +     a - +10 executioner's axe "Elalyihu" {chop, rC+ Int+6}
rCold  + . .     Gourm    .     b - +14 crystal plate armour of Levity {-Tele rF+ Dex+3 Slay+6}
rNeg   . . .     Faith    .     (shield currently unavailable)
rPois  +         Spirit   +     g - +2 helmet {SInv}
rElec  +         Reflect  .     s - +2 cloak of Fun {Int+3 Stlth+}
rCorr  .         Harm     .     x - +1 pair of gloves
MR     ++...     NoTele   +     R - +2 pair of boots {Fly}
Stlth  ..........               w - amulet "Ered" {Spirit rPois}
                                m - ring of Megalomania {*Slow rElec MR+ Int+3 SInv}
                                N - ring of Temptation {Str+7 Int+2}

@: flying, repel missiles
A: walk on water
0: Orb of Zot
}: 3/15 runes: decaying, silver, gossamer
a: Smiting, Recall Orcish Followers, Give Item to Named Follower, Renounce
Religion, Stop Flying


You escaped.
You worshipped Beogh.
Beogh was extremely pleased with you.
You were full.

You visited 9 branches of the dungeon, and saw 49 of its levels.
You visited the Abyss 1 time.
You visited 2 bazaars.
You also visited: Labyrinth and Ossuary.

You collected 8911 gold pieces.
You spent 3954 gold pieces at shops.

Inventory:

Hand Weapons
 a - the +10 executioner's axe "Elalyihu" (weapon) {chop, rC+ Int+6}
   (You acquired it on level 14 of the Dungeon)

   It inflicts extra damage upon your enemies.
   It affects your intelligence (+6).
   It protects you from cold.
 B - a +4 battleaxe of venom
Missiles
 S - 3 throwing nets (quivered)
Armour
 b - the +14 crystal plate armour of Levity (worn) {-Tele rF+ Dex+3 Slay+6}
   (You found it on level 3 of the Elven Halls)

   It affects your dexterity (+3).
   It affects your accuracy and damage with ranged weapons and melee attacks
   (+6).
   It protects you from fire.
   It prevents most forms of teleportation.
 g - a +2 helmet of see invisible (worn)
 s - the +2 cloak of Fun (worn) {Int+3 Stlth+}
   (You bought it in a shop in a bazaar)

   It affects your intelligence (+3).
   It makes you more stealthy.
 x - a +1 pair of gloves (worn)
 R - a +2 pair of boots of flying (worn)
Jewellery
 c - an uncursed ring of ice
 e - the ring "Orhiluj" {Wiz rElec Str+4}
   (You found it on level 4 of the Realm of Zot)

   [ring of wizardry]

   It improves your spell success rate.
   It affects your strength (+4).
   It insulates you from electricity.
 m - the ring of Megalomania (right hand) {*Slow rElec MR+ Int+3 SInv}
   (You bought it in a shop on level 2 of the Orcish Mines)

   [ring of see invisible]

   It affects your intelligence (+3).
   It insulates you from electricity.
   It affects your resistance to hostile enchantments.
   It lets you see invisible.
   It may slow you when you take damage.
 n - an uncursed ring of positive energy
 w - the amulet "Ered" (around neck) {Spirit rPois}
   (You found it on level 1 of the Lair of Beasts)

   [amulet of guardian spirit]

   It causes incoming damage to be split between your health and magic.
   It protects you from poison.
 N - the ring of Temptation (left hand) {Str+7 Int+2}
   (You found it on level 3 of the Elven Halls)

   [ring of intelligence]

   It affects your strength (+7).
   It affects your intelligence (+2).
 P - a +6 ring of protection
Wands
 i - a wand of digging (11/24)
 z - a wand of disintegration (17/24)
 F - a wand of digging (10/24)
 H - a wand of heal wounds (5/9)
 J - a wand of disintegration (11/24)
 K - a wand of hasting (2/9)
 L - a wand of teleportation (1/9)
 Q - a wand of disintegration (17/24)
 U - a wand of hasting (5/9)
 V - a wand of digging (7/24)
Scrolls
 d - 7 scrolls of fear
 j - 4 scrolls of holy word
 r - 15 scrolls of recharging
 u - 15 scrolls of remove curse
 v - 8 scrolls of magic mapping
 y - 8 scrolls of fog
 A - 19 scrolls of teleportation
 D - a scroll of identify
 E - 12 scrolls of blinking
 I - 6 scrolls of immolation
 M - 7 scrolls of enchant weapon
 Y - 6 scrolls of silence
Potions
 f - 24 potions of curing
 h - a potion of cure mutation
 k - 6 potions of ambrosia
 l - 5 potions of agility
 o - 6 potions of flight
 p - 8 potions of berserk rage
 C - 6 potions of might
 G - a potion of resistance
 O - 4 potions of magic
 T - 2 potions of cancellation
 W - 9 potions of heal wounds
 X - 2 potions of invisibility
Miscellaneous
 Z - 5 phantom mirrors
Comestibles
 q - 13 meat rations
 t - 38 bread rations


   Skills:
 + Level 24.2 Fighting
 - Level 26.0 Axes
 + Level 23.6 Armour
 - Level 14.1 Dodging
 - Level 1.5 Stealth
 - Level 4.2 Spellcasting
 - Level 1.8 Charms
 - Level 6.5 Translocations
 - Level 1.9 Air Magic
 + Level 22.7 Invocations


You had 25 spell levels left.
You knew the following spells:

 Your Spells              Type           Power        Failure   Level  Hunger
a - Summon Butterflies    Summ           #.......     78%         1    None
b - Blink                 Tloc           N/A          10%         2    None
r - Regeneration          Chrm/Necr      #.........   99%         3    ##.....
R - Repel Missiles        Chrm/Air       ##....       67%         2    None


Dungeon Overview and Level Annotations

Branches:
Dungeon (15/15)            Temple (0/1) D:6            Lair (6/6) D:11
  Swamp (4/4) Lair:4       Spider (4/4) Lair:4        Slime (0/5) Lair:6
    Orc (2/2) D:9             Elf (3/3) Orc:2        Vaults (5/5) D:14
  Crypt (0/3) Vaults:3     Depths (5/5) D:15            Zot (5/5) Depths:5

Altars:
Dithmenos
Nemelex Xobeh
Qazlal
Vehumet
Xom
Beogh

Shops:
D:5 %   Orc:2 *(=[   Elf:2 :   Elf:3 *   Vaults:4 ?   Depths:1 *   Depths:4 [

Portals:
Hell: Depths:1 Depths:2 Depths:3 Depths:4 Depths:5
Abyss: Depths:1 Depths:4
Pandemonium: Depths:3 Depths:4 Depths:5
Ziggurat: Depths:5
Trove: D:11 (give +4 ice dragon scales)

Annotations:
D:1 exclusion: downstairs
D:2 exclusion: downstairs
D:3 murphy's ghost, amateur MiBe
D:5 1 exclusion, murphy's ghost, amateur MiBe
D:6 2 exclusions
Lair:3 1 exclusion
Lair:6 Urug
Depths:1 exclusion: downstairs
Zot:2 exclusion: 4 doors


Message History

Level annotation: exclusion: downstairs
There is a stone staircase leading down here.
You swap places.
A kobold comes into view. It is wielding a dagger.
The kobold shouts!
The kobold hits you but does no damage.
Saint Roka roars a battlecry!
Morbeogh goes into a battle-frenzy!
You barely miss the kobold. The kobold completely misses you.
You closely miss the kobold.
Morbeogh roars a battlecry!
Saint Roka goes into a battle-frenzy!
The kobold closely misses you.
You carve the kobold like a ham!!!
You kill the kobold!
Beogh accepts your kill.
Things that are here:
a dagger; a kobold corpse
There is a staircase leading out of the dungeon here.
You have escaped!

#......#.######.####....#.#..#..
#......#.###..)....####.#.#..#..
#......#.#.....⌠.....####....#..
###.......##..⌠.s)66.## ###.##.#
...#.##.#####.......## #.##.#
##.#....# ##..o..## #.#...
.....#### ##.o.## #.#... ...#.#
####.oo#### #.#...
...#.#######....@)...#######.#...
..##.#.....................#.#...
####.#..⌠....⌠.[...⌠....⌠..#.#...
#.#.....⌠....#....⌠.....#.#...
#.##..⌠....#####....⌠..##.#...
#..##....### ###....##..##'#
#...##.### ###.##..###.#
#.#..#################..####.#
#.........................##..


You could see 2 demonspawn, a demonic crawler (wandering), the friendly Saint
Roka, the friendly Morbeogh the orc warlord, the friendly Ognian the orc warlord
and the friendly Warrok the orc warlord.

Vanquished Creatures
  Mara (Spider:4)
  2 orbs of fire (Zot:5)
  3 juggernauts
  the Lernaean hydra (Swamp:4)
  Bai Suzhen (Swamp:4)
  2 Killer Klowns (Zot:5)
  A curse toe (Zot:5)
  5 golden dragons
  Nikola (Vaults:1)
  Jory (Depths:2)
  An electric golem (Zot:5)
  5 tentacled monstrosities
  2 deep elf blademasters
  A lich (Vaults:5)
  Asterion (Spider:3)
  12 Orb Guardians (Zot:5)
  3 titans
  A deep elf master archer (Elf:3)
  A sphinx (Vaults:5)
  A death cob (Zot:2)
  2 thorn hunters
  3 quicksilver dragons
  2 tengu reavers
  3 shadow dragons
  6 storm dragons
  2 draconian monks (Zot:4)
  7 fire giants
  5 frost giants
  6 deep elf sorcerers
  An iron dragon (Depths:4)
  5 vault wardens
  An emperor scorpion (Spider:4)
  8 ghost moths
  4 draconian scorchers
  4 draconian zealots
  8 ironheart preservers
  An orc warlord (Orc:2)
  5 deep elf elementalists
  2 balrugs
  A spriggan defender (Depths:4)
  A draconian annihilator (Depths:5)
  A reaper (Depths:4)
  16 very ugly things
  2 war gargoyles
  2 draconian callers
  2 entropy weavers
  11 stone giants
  2 deep elf annihilators (Elf:3)
  4 green draconians
  6 vampire knights
  A black draconian (Depths:5)
  The ghost of murphy the Severer, a journeyman MiBe of Trog (Lair:3)
  A red draconian (Zot:2)
  2 deep elf demonologists (Elf:1)
  4 mottled draconians
  2 white draconians
  3 purple draconians
  2 yellow draconians
  3 spark wasps
  10 ettins
  A deep elf death mage (Elf:3)
  Snorg (Lair:5)
  A minotaur (Lab)
  13 yaktaur captains
  9 fire dragons
  5 deep elf high priests
  4 ice dragons
  8 great orbs of eyes
  A quicksilver dragon zombie (Depths:4)
  19 hydras
  A rakshasa (Depths:1)
  15 vault guards
  A ghost crab (Swamp:4)
  9 centaur warriors
  4 alligators
  5 spriggan air magi
  A death knight (Vaults:3)
  7 ogre magi
  14 dancing weapons
  3 tengu warriors
  3 vampire magi
  2 deep troll earth magi (Depths:5)
  2 spriggan berserkers
  3 deep troll shamans
  35 slime creatures
  A soul eater (Zot:4)
  13 spriggans
  16 deep elf knights
  11 shadow wraiths (Depths:2)
  An iron troll (Depths:3)
  2 unseen horrors
  An infernal demonspawn (Depths:5)
  18 deep trolls
  A death drake (shapeshifter) (Depths:4)
  5 flayed ghosts
  3 spriggan druids
  A wizard (Vaults:2)
  6 swamp dragons (Swamp:4)
  A sea snake (shapeshifter) (Elf:3)
  2 golden dragon skeletons (Depths:4)
  11 deep elf archers
  4 necromancers
  7 phantasmal warriors
  2 hill giants
  A wolf spider zombie (D:13)
  3 glowing orange brains (Depths:4)
  A shambling mangrove (Swamp:3)
  An ironbrand convoker (Vaults:1)
  A lindwurm (Lair:5)
  2 harpies (Vaults:1)
  A hill giant (shapeshifter) (Vaults:4)
  20 orb spiders
  13 wolf spiders
  2 orc knights
  11 ugly things
  3 orc sorcerers
  5 salamanders
  30 deep elf magi
  2 manticores
  5 cyclopes
  A salamander (shapeshifter) (Elf:3)
  A fire giant skeleton (Depths:1)
  13 moths of wrath
  A guardian serpent (Lair:6)
  7 elephants
  2 rust devils
  10 vault sentinels
  A naga mage (Vaults:2)
  A smoke demon (D:13)
  A torpor snail (shapeshifter) (Elf:1)
  2 molten gargoyles (Lair:3)
  4 black mambas
  3 torpor snails (Lair:6)
  A gargoyle (D:11)
  An orange demon (Depths:5)
  11 spiny frogs
  A kobold demonologist (D:15)
  A rime drake (Lair:3)
  5 komodo dragons
  4 freezing wraiths
  6 demonic crawlers
  An efreet (D:14)
  43 yaktaurs
  2 yaktaurs (shapeshifter)
  A tormentor (Depths:3)
  7 trolls
  2 red devils (Depths:4)
  3 tengu conjurers
  17 jumping spiders
  3 polar bears
  12 two-headed ogres
  10 tyrant leeches
  18 hornets
  A hornet (shapeshifter) (Depths:1)
  5 bog bodies
  11 hippogriffs
  6 blink frogs
  8 dream sheep (Lair:6)
  A hippogriff (shapeshifter) (Depths:3)
  An ettin zombie (Depths:1)
  A centaur simulacrum (D:14)
  10 air elementals
  21 yaks
  A fire dragon zombie (Depths:1)
  56 redbacks
  3 wraiths
  A basilisk (Lair:6)
  13 shadows
  2 ynoxinuls
  5 large abominations (Depths:3)
  A fire elemental (Elf:2)
  A human (D:7)
  4 water elementals
  16 tarantellas
  9 wyverns
  2 hogs (D:7)
  A vampire (Depths:1)
  A basilisk (shapeshifter) (Vaults:1)
  2 chaos spawn
  3 neqoxecs
  26 vampire mosquitoes
  2 mottled dragons (D:11)
  A naga (shapeshifter) (Vaults:5)
  20 insubstantial wisps
  5 wargs
  A soldier ant (D:14)
  17 swamp worms
  A floating eye (Depths:4)
  15 water moccasins
  11 swamp drakes
  A floating eye (shapeshifter) (Depths:3)
  10 porcupines
  14 orc warriors
  An eye of draining (D:10)
  2 black bears
  3 phantoms
  7 sky beasts
  3 ice beasts
  A necrophage (D:11)
  3 wolves (Lair:2)
  4 small abominations (Depths:3)
  5 boggarts (Vaults:2)
  17 centaurs
  24 ogres
  10 crocodiles
  2 elf zombies
  5 big kobolds
  14 bullfrogs
  2 earth elementals (Elf:2)
  An ogre simulacrum (Vaults:1)
  2 gnoll sergeants
  2 water moccasin skeletons
  7 scorpions
  6 killer bees (D:8)
  11 wights
  4 howler monkeys
  An electric eel (Elf:3)
  14 crimson imps
  A bullfrog zombie (D:5)
  3 centaur zombies
  2 human zombies (Ossuary)
  3 quasits
  2 lava snakes (Lair:3)
  12 hounds
  10 orc priests
  3 bullfrog skeletons
  8 jellies
  A gnoll shaman (D:9)
  15 orc wizards
  6 iguanas
  3 hell rats (Lair:6)
  8 worker ants
  A killer bee zombie (D:10)
  2 big kobold zombies (Ossuary)
  3 mummies (Ossuary)
  5 hound zombies
  A hound skeleton (D:10)
  Robin (D:3)
  A howler monkey zombie (D:9)
  A worker ant zombie (D:5)
  14 adders
  19 gnolls
  A howler monkey skeleton (D:5)
  3 shadow imps
  5 white imps
  3 ufetubi
  3 oozes
  4 adder zombies
  4 worms
  2 dart slugs (D:2)
  8 leopard geckos
  44 orcs
  3 ball pythons
  6 bats
  5 giant cockroaches
  17 goblins
  7 hobgoblins
  11 jackals
  16 kobolds
  5 quokkas
  8 frilled lizards
  A gnoll zombie (Ossuary)
  2 goblin zombies (Ossuary)
  4 hobgoblin zombies (Ossuary)
  A jackal skeleton (D:5)
  5 jackal zombies (Ossuary)
  6 kobold zombies (Ossuary)
  A leopard gecko zombie (D:5)
  An orc zombie (Ossuary)
  A quokka skeleton (D:5)
  3 quokka zombies
  6 rats
  2 rat zombies (Ossuary)
  A bush (Depths:1)
  4 fungi
  5 plants
1552 creatures vanquished.

Vanquished Creatures (collateral kills)
  3 ancient liches
  2 orbs of fire (Zot:5)
  A juggernaut (Depths:4)
  A juggernaut (shapeshifter) (Vaults:5)
  A shard shrike (Zot:4)
  Frederick (Vaults:4)
  Saint Roka (Elf:3)
  A caustic shrike (shapeshifter) (Vaults:5)
  Xtahua (Depths:4)
  A Killer Klown (Zot:5)
  6 golden dragons
  Arachne (Spider:3)
  A bone dragon (Depths:5)
  9 tentacled monstrosities
  2 liches
  16 Orb Guardians
  3 quicksilver dragons
  A titan (Vaults:5)
  4 death cobs
  5 sphinxes
  3 shadow dragons
  Donald (Vaults:1)
  2 tengu reavers
  5 storm dragons
  An orc warlord (Swamp:1)
  6 draconian scorchers
  2 iron dragons (Depths:4)
  4 frost giants
  6 fire giants
  A ghost moth (Zot:4)
  4 vault wardens
  A balrug (Depths:4)
  4 deep elf sorcerers (Elf:3)
  3 emperor scorpions
  6 spriggan defenders
  4 ironheart preservers
  4 draconian callers
  2 draconian annihilators
  5 deep elf elementalists
  2 reapers
  A draconian shifter (Zot:3)
  4 stone giants
  2 war gargoyles (Vaults:5)
  12 very ugly things
  An entropy weaver (Spider:2)
  3 green draconians
  2 black draconians
  2 deep elf demonologists (Elf:3)
  2 vampire knights (Depths:1)
  4 purple draconians (Zot:4)
  2 red draconians
  The ghost of murphy the Warrior, a journeyman MiBe of Trog (Lair:4)
  3 white draconians
  6 spark wasps
  5 deep elf annihilators
  4 mottled draconians
  3 yellow draconians (Zot:4)
  A merfolk javelineer (Depths:4)
  6 ettins
  A deep elf death mage (Elf:3)
  A green death (D:12)
  4 deep elf high priests
  3 fire dragons
  11 yaktaur captains
  Fannar (Orc:1)
  4 great orbs of eyes
  2 hydras
  8 rakshasas
  2 hell beasts
  10 ice dragons
  15 vault guards
  3 spriggan air magi
  2 death knights
  The ghost of dvd the Tainter, a journeyman OpVM of Sif Muna (Lair:1)
  An alligator (Swamp:1)
  4 ogre magi
  13 dancing weapons
  4 centaur warriors
  4 deep troll shamans
  4 tengu warriors
  A hell hog (shapeshifter) (Vaults:2)
  6 deep troll earth magi
  3 orc high priests
  8 deep elf knights
  2 spriggan berserkers
  Nergalle (D:10)
  2 sun demons (Depths:3)
  A sixfirhy (D:8)
  2 spriggan druids (Depths:3)
  An unseen horror (D:13)
  2 salamander mystics
  19 deep trolls
  4 iron trolls
  A glowing orange brain (Depths:1)
  A shadow demon (Zot:4)
  3 wizards
  7 orc knights
  9 deep elf archers
  2 shambling mangroves
  3 flayed ghosts
  5 phantasmal warriors
  4 orb spiders
  An iron dragon zombie (Depths:4)
  5 ironbrand convokers
  3 lindwurms
  A golden dragon skeleton (Depths:1)
  A harpy (Vaults:1)
  2 necromancers
  12 ugly things
  2 orc sorcerers (Orc:2)
  A harpy (shapeshifter) (Depths:4)
  2 hill giants
  An orb spider (shapeshifter) (Depths:4)
  3 salamanders (Depths:5)
  21 wolf spiders
  23 deep elf magi
  A fire giant zombie (Depths:1)
  15 moths of wrath
  A human skeleton (Vaults:1)
  4 black mambas
  Psyche (D:9)
  2 elephants
  A smoke demon (D:8)
  6 spiny frogs
  6 vault sentinels
  A centaur zombie (D:15)
  A naga mage (Vaults:2)
  2 torpor snails (Lair:6)
  A centaur skeleton (D:15)
  A yaktaur zombie (Depths:1)
  A gargoyle (D:11)
  A titan simulacrum (Depths:4)
  An efreet (D:13)
  3 freezing wraiths
  A komodo dragon (Lair:4)
  24 yaktaurs
  8 demonic crawlers
  A red devil (Depths:3)
  34 jumping spiders
  4 trolls
  13 hornets
  A tyrant leech (Lair:6)
  5 two-headed ogres
  The ghost of herpmino the Skirmisher, an amateur FoIE (D:11)
  A jumping spider (shapeshifter) (Depths:4)
  9 blink frogs
  11 slime creatures
  3 dream sheep (Lair:6)
  3 hippogriffs
  55 redbacks
  29 tarantellas
  A shadow (Depths:2)
  11 spriggans
  7 air elementals
  2 wraiths
  A vampire (Depths:1)
  A hog (shapeshifter) (Depths:2)
  4 wyverns
  3 basilisks
  A hungry ghost (D:13)
  11 yaks
  4 vampire mosquitoes
  A mottled dragon (Vaults:2)
  An insubstantial wisp (Swamp:1)
  2 soldier ants
  2 wargs
  A water moccasin (shapeshifter) (Elf:2)
  5 small abominations
  5 water moccasins
  2 porcupines
  3 orc priests
  6 orc warriors
  A sky beast (D:10)
  A swamp drake (Swamp:1)
  A phantom (D:8)
  An ice beast (D:9)
  15 ogres
  A boggart (Vaults:2)
  8 centaurs
  A wolf (Lair:2)
  A crocodile (Lair:4)
  A big kobold (shapeshifter) (Depths:3)
  A big kobold (D:15)
  5 bullfrogs
  A wyvern zombie (D:14)
  A scorpion (D:9)
  An elf simulacrum (Vaults:1)
  5 wights
  2 howler monkeys
  A crimson imp (D:9)
  3 lava snakes (Lair:3)
  A bullfrog zombie (D:10)
  4 orc wizards
  A bullfrog skeleton (D:13)
  A hell rat (Lair:6)
  A worker ant (D:14)
  A howler monkey skeleton (D:11)
  A gnoll (shapeshifter) (Vaults:5)
  2 gnolls (D:10)
  3 white imps
  An ufetubus (D:13)
  13 orcs
  2 jackals (D:11)
  A kobold (D:15)
  A quokka (D:12)
  A butterfly (Lair:5)
  4 crawling corpses (Elf:3)
  21 fungi
  10 plants
900 creatures vanquished.

Vanquished Creatures (others)
  An eldritch tentacle (Zot:5)
  An orc warlord (Spider:4)
  A draconian scorcher (Zot:3)
  A deep elf sorcerer (Vaults:5)
  A draconian shifter (Zot:1)
  16 orc knights
  Urug (Lair:6)
  A small abomination (Elf:3)
  A deep elf mage (Vaults:5)
  4 orc sorcerers
  A komodo dragon (Lair:6)
  9 orc wizards
  19 orc warriors
  An ogre (Vaults:2)
  A crocodile (Lair:6)
  20 orc priests
  A white imp (Elf:3)
  56 orcs
  A jackal (D:7)
  A quokka (D:7)
  2 briar patches (Swamp:2)
  17 fungi
  53 plants
210 creatures vanquished.

Grand Total: 2662 creatures vanquished

Notes
Turn   | Place    | Note
-------+----------+-------------------------------------------
     0 | D:1      | Charly the Hill Orc Monk began the quest for the Orb.
     0 | D:1      | Reached XP level 1. HP: 19/19 MP: 1/1
   233 | D:1      | Reached XP level 2. HP: 17/26 MP: 2/2
   595 | D:1      | Reached skill level 5 in Axes
  1069 | D:1      | Reached XP level 3. HP: 31/31 MP: 3/3
  2093 | D:3      | Reached skill level 6 in Axes
  2246 | D:3      | Reached XP level 4. HP: 37/40 MP: 4/4
  3061 | D:2      | Reached XP level 5. HP: 46/46 MP: 5/5
  3198 | D:2      | Found a stormy altar of Qazlal.
  3367 | D:3      | Reached skill level 7 in Axes
  3679 | D:3      | Noticed murphy's ghost (amateur MiBe)
  4176 | D:3      | Noticed Robin
  4199 | D:3      | Killed Robin
  4453 | D:4      | Reached skill level 5 in Fighting
  4453 | D:4      | Reached XP level 6. HP: 51/56 MP: 6/6
  4686 | D:4      | Noticed a phantom
  4727 | D:4      | Killed a phantom
  4727 | D:4      | Reached skill level 8 in Axes
  5204 | D:4      | Reached XP level 7. HP: 62/62 MP: 7/7
  5377 | D:5      | Entered Level 5 of the Dungeon
  5489 | D:5      | Noticed murphy's ghost (amateur MiBe)
  5574 | D:5      | Reached skill level 9 in Axes
  5666 | D:5      | Found a shadowy altar of Dithmenos.
  5776 | D:5      | Found Kyanaso's Food Emporium.
  6266 | D:5      | Reached skill level 10 in Axes
  6365 | D:5      | Reached XP level 8. HP: 60/71 MP: 8/8
  6694 | D:5      | Reached skill level 11 in Axes
  7552 | D:6      | Found a sand-covered staircase.
  7560 | Ossuary  | Entered an ossuary
  7585 | Ossuary  | Reached skill level 1 in Armour
  7858 | Ossuary  | Reached skill level 12 in Axes
  7938 | Ossuary  | Reached XP level 9. HP: 80/81 MP: 9/9
  8193 | D:6      | Found a staircase to the Ecumenical Temple.
  9130 | D:7      | Became a worshipper of Beogh the Brigand
  9130 | D:7      | Reached * piety under Beogh
  9130 | D:7      | Reached ** piety under Beogh
  9144 | D:7      | Reached skill level 1 in Invocations
  9171 | D:7      | Reached skill level 13 in Axes
  9494 | D:7      | Reached XP level 10. HP: 73/91 MP: 12/12
  9694 | D:7      | Reached skill level 5 in Armour
 10241 | D:8      | Found a sparkling altar of Nemelex Xobeh.
 10419 | D:8      | Reached skill level 14 in Axes
 10446 | D:8      | Got a faintly glowing leather armour
 10458 | D:8      | Identified the +1 leather armour of Idghan {MR+ rCorr SInv} (You found it on level 8 of the Dungeon)
 11728 | D:9      | Found a roughly hewn altar of Beogh.
 11728 | D:9      | Found a staircase to the Orcish Mines.
 11748 | D:9      | Reached skill level 10 in Fighting
 11755 | D:9      | Reached skill level 5 in Invocations
 11833 | D:9      | Reached *** piety under Beogh
 12166 | D:9      | Noticed a brown ugly thing
 12169 | D:9      | Killed a brown ugly thing
 12244 | D:9      | Found a shimmering altar of Xom.
 12247 | D:9      | Reached skill level 15 in Axes
 12394 | D:9      | Gained Morun as an ally
 12460 | D:9      | Reached XP level 11. HP: 98/101 MP: 15/15
 12555 | D:9      | Noticed a four-headed hydra
 12559 | D:9      | Killed a four-headed hydra
 12587 | D:9      | Noticed Psyche
 12591 | D:9      | Killed Psyche
 12740 | D:10     | Entered Level 10 of the Dungeon
 12980 | D:10     | Noticed Nergalle
 12992 | D:10     | Killed Nergalle
 13811 | D:11     | Noticed a cyclops
 13819 | D:11     | Killed a cyclops
 13977 | D:11     | Killed an unseen horror
 13977 | D:11     | Reached **** piety under Beogh
 13977 | D:11     | Reached skill level 16 in Axes
 14078 | D:11     | Noticed a vault guard
 14085 | D:11     | Killed a vault guard
 14121 | D:11     | Found a portal to a secret trove of treasure.
 14830 | D:11     | Noticed herpmino's ghost (amateur FoIE)
 14836 | D:11     | Killed herpmino's ghost
 14836 | D:11     | Reached XP level 12. HP: 110/110 MP: 18/18
 15371 | D:11     | Found a staircase to the Lair.
 15492 | Lair:1   | Entered Level 1 of the Lair of Beasts
 15535 | Lair:1   | Got a brightly glowing tin amulet
 15537 | Lair:1   | Identified the amulet "Ered" {Spirit rPois} (You found it on level 1 of the Lair of Beasts)
 15736 | Lair:1   | Identified a +2 rod of shadows (10/10) (You found it on level 1 of the Lair of Beasts)
 16184 | Lair:1   | Noticed dvd's ghost (journeyman OpVM)
 16191 | Lair:1   | Killed dvd's ghost
 16515 | Lair:2   | Reached skill level 17 in Axes
 17539 | Lair:3   | Noticed murphy's ghost (journeyman MiBe)
 17545 | Lair:3   | Killed murphy's ghost
 17545 | Lair:3   | Reached skill level 5 in Dodging
 17545 | Lair:3   | Reached XP level 13. HP: 119/119 MP: 16/20
 17554 | Lair:3   | Found a labyrinth entrance.
 17573 | Lab      | Entered a labyrinth
 17781 | Lab      | Noticed a minotaur
 17796 | Lab      | Killed a minotaur
 17796 | Lab      | Reached skill level 10 in Invocations
 17799 | Lab      | Got a slimy battleaxe
 17800 | Lab      | Identified the +2 battleaxe of the Battered Scars {elec, Int+3 Dex+4} (You found it in a labyrinth)
 17813 | Lab      | Got a distressingly furry leather armour
 17824 | Lab      | Identified the +2 leather armour of the Lute {-Cast rN+ MR+ rCorr} (You took it off a minotaur in a labyrinth)
 18104 | Lair:3   | Reached skill level 18 in Axes
 18860 | Lair:4   | Gained Orgrim as an ally
 18905 | Lair:4   | Noticed murphy's ghost (journeyman MiBe)
 18988 | Lair:4   | Killed murphy's ghost
 19274 | Lair:4   | Found a hole to the Spider Nest.
 19659 | Lair:4   | Found a staircase to the Swamp.
 20053 | Lair:5   | Noticed Urug
 20205 | Lair:5   | Reached skill level 10 in Armour
 20561 | Lair:5   | Noticed a fire dragon
 20568 | Lair:5   | Killed a fire dragon
 20667 | Lair:5   | Noticed Snorg
 20674 | Lair:5   | Killed Snorg
 21002 | Lair:5   | Identified a +1 rod of shadows (12/12) (You found it on level 5 of the Lair of Beasts)
 21090 | Lair:6   | Entered Level 6 of the Lair of Beasts
 21114 | Lair:6   | Found a runed door.
 21123 | Lair:6   | Noticed a fire dragon
 21131 | Lair:6   | Your ally died
 21133 | Lair:6   | Killed a fire dragon
 21384 | Lair:6   | Reached XP level 14. HP: 125/129 MP: 22/22
 21389 | Lair:6   | Reached skill level 19 in Axes
 21855 | Lair:6   | Found a staircase to the Slime Pits.
 22045 | Lair:6   | Reached ***** piety under Beogh
 22045 | Lair:6   | Gained Alork as an ally
 22369 | Lair:6   | Gained Spirok as an ally
 23381 | D:12     | Got a crude hand axe
 23382 | D:12     | Identified the +10 hand axe "Ygega" {speed, Int+2} (You found it on level 12 of the Dungeon)
 24186 | D:13     | Reached ****** piety under Beogh
 24239 | D:13     | Learned a level 3 spell: Regeneration
 24278 | D:13     | Reached skill level 20 in Axes
 24771 | D:14     | Reached XP level 15. HP: 133/138 MP: 24/24
 25147 | D:14     | Found Gawalife's Weapon Boutique.
 25595 | D:14     | Found a gate to the Vaults.
 25728 | D:14     | Identified a scroll of acquirement
 25729 | D:14     | Got a faintly glowing executioner's axe
 25730 | D:14     | Identified the +10 executioner's axe "Elalyihu" {chop, rC+ Int+6} (You acquired it on level 14 of the Dungeon)
 25735 | D:15     | Entered Level 15 of the Dungeon
 26397 | D:15     | Found a staircase to the Depths.
 26657 | Orc:1    | Entered Level 1 of the Orcish Mines
 26739 | Orc:2    | Entered Level 2 of the Orcish Mines
 26751 | Orc:2    | Gained Borgun as an ally
 26755 | Orc:2    | Found Plog's Antique Weapon Boutique.
 26756 | Orc:2    | Your ally Borgun died
 26873 | Orc:2    | Found Anumoq's General Store.
 27052 | Orc:2    | Noticed an orc warlord
 27053 | Orc:2    | Found Nitenarr's Antique Armour Shop.
 27059 | Orc:2    | Gained Bogmar as an ally
 27060 | Orc:2    | Killed an orc warlord
 27087 | Orc:2    | Bought a pair of embroidered boots for 273 gold pieces
 27137 | Orc:2    | Found Zytif's Jewellery Emporium.
 27151 | Orc:2    | Found a staircase to the Elven Halls.
 27153 | Orc:2    | Bought the ring of Megalomania {*Slow rElec MR+ Int+3 SInv} for 635 gold pieces
 27200 | Orc:2    | Bought a potion of heal wounds for 60 gold pieces
 27223 | Orc:2    | Bought a jewelled glaive for 345 gold pieces
 27223 | Orc:2    | Identified the +6 glaive of the Heavens {flame, rElec rPois rN++ MP-9} (You bought it in a shop on level 2 of the Orcish Mines)
 27240 | Orc:2    | Found a roughly hewn altar of Beogh.
 27607 | Orc:1    | You are sucked into a shaft!
 27779 | Orc:1    | Noticed Fannar
 27786 | Orc:1    | Killed Fannar
 28069 | Spider:1 | Entered Level 1 of the Spider Nest
 28121 | Spider:1 | Your ally Spirok died
 28288 | Spider:1 | Reached XP level 16. HP: 112/147 MP: 19/26
 28553 | Spider:1 | Reached skill level 15 in Fighting
 28830 | Spider:1 | Reached skill level 21 in Axes
 29584 | Spider:2 | Gained mutation: You evolve. [potion of beneficial mutation]
 29634 | Spider:2 | Gained Wardok as an ally
 29968 | Spider:3 | Noticed Asterion
 29977 | Spider:3 | Killed Asterion
 30088 | Spider:3 | Noticed Arachne
 30092 | Spider:3 | Killed Arachne
 30278 | Spider:3 | Learned a level 1 spell: Summon Butterflies
 30674 | Spider:4 | Entered Level 4 of the Spider Nest
 31211 | Spider:4 | Reached skill level 22 in Axes
 31256 | Spider:4 | Reached XP level 17. HP: 154/156 MP: 28/28
 31301 | Spider:4 | Noticed Mara
 31305 | Spider:4 | Killed Mara
 31305 | Spider:4 | Reached skill level 15 in Invocations
 31318 | Spider:4 | Gained Ognian as an ally
 31326 | Spider:4 | Your ally Alork died
 31327 | Spider:4 | Your ally Spirok died
 31333 | Spider:4 | Gained Morbeogh as an ally
 31333 | Spider:4 | Your ally Orgrim died
 31335 | Spider:4 | Your ally Bogmar died
 31357 | Spider:4 | Got a gossamer rune of Zot
 31720 | Swamp:1  | Entered Level 1 of the Swamp
 31756 | Swamp:1  | Gained Argrim as an ally
 31886 | Swamp:1  | Your ally Morun died
 31966 | Swamp:1  | Your ally Argrim died
 32038 | Swamp:1  | Your ally Wardok died
 32716 | Swamp:2  | Learned a level 2 spell: Call Imp
 32719 | Swamp:2  | Learned a level 2 spell: Repel Missiles
 32722 | Swamp:2  | Learned a level 2 spell: Blink
 32998 | Swamp:2  | Found a radiant altar of Vehumet.
 33692 | Swamp:3  | Reached skill level 10 in Dodging
 33730 | Swamp:3  | Gained mutation: Your flesh is heat resistant. (rF+) [evolution]
 34307 | Swamp:4  | Entered Level 4 of the Swamp
 34563 | Swamp:4  | Noticed Bai Suzhen
 34586 | Swamp:4  | Reached XP level 18. HP: 162/168 MP: 29/29
 34611 | Swamp:4  | Killed Bai Suzhen
 34611 | Swamp:4  | Reached skill level 23 in Axes
 34621 | Swamp:4  | Gained Orbeogh as an ally
 34647 | Swamp:4  | Your ally Orbeogh died
 35644 | Swamp:4  | Noticed the 27-headed Lernaean hydra
 35651 | Swamp:4  | Killed the 22-headed Lernaean hydra
 35706 | Swamp:4  | Got a decaying rune of Zot
 35944 | Swamp:4  | Gained mutation: You expend magic power (3 MP) to strengthen your wands. [evolution]
 35944 | Swamp:4  | Lost mutation: You evolve. [end of evolution]
 36477 | Vaults:1 | Entered Level 1 of the Vaults
 36911 | Vaults:1 | Noticed Donald
 36922 | Vaults:1 | Killed Donald
 37006 | Vaults:1 | Noticed Nikola
 37030 | Vaults:1 | Killed Nikola
 37753 | Vaults:1 | Found a gateway to a bazaar.
 37761 | Bazaar   | Entered a bazaar
 37764 | Bazaar   | Found Qithovy's Weapon Shop.
 37791 | Bazaar   | Found Soxyfel's Distillery.
 37821 | Bazaar   | Found Isaoq's Gadget Shop.
 37821 | Bazaar   | Found Jeinann's Magic Scroll Boutique.
 37835 | Bazaar   | Bought a scroll of recharging for 114 gold pieces
 37835 | Bazaar   | Bought a scroll of brand weapon for 240 gold pieces
 37835 | Bazaar   | Bought a scroll of brand weapon for 240 gold pieces
 37857 | Bazaar   | Bought a potion of agility for 40 gold pieces
 37857 | Bazaar   | Bought a potion of berserk rage for 50 gold pieces
 37857 | Bazaar   | Bought a potion of cure mutation for 250 gold pieces
 37857 | Bazaar   | Bought a potion of haste for 100 gold pieces
 37857 | Bazaar   | Bought a potion of heal wounds for 50 gold pieces
 37884 | Vaults:1 | Got a scorched flail
 37885 | Vaults:1 | Identified the +8 flail "Vedo" {antimagic, Str+3 Dex+2} (You found it on level 1 of the Vaults)
 38093 | Vaults:1 | Gained Wargath as an ally
 38431 | Vaults:2 | Your ally Wargath died
 38857 | Vaults:2 | Reached XP level 19. HP: 177/177 MP: 31/31
 39203 | Vaults:2 | Noticed a lich
 39207 | Vaults:2 | Found a radiant altar of Vehumet.
 39212 | Vaults:2 | Killed a lich
 39424 | Vaults:2 | Got an encrusted hat
 39430 | Vaults:2 | Identified the +1 hat of the Other Side {rElec} (You found it on level 2 of the Vaults)
 39547 | Vaults:2 | Gained Orkwin as an ally
 39859 | Vaults:2 | Found a gateway to a bazaar.
 39868 | Bazaar   | Entered a bazaar
 39868 | Bazaar   | Found Rity's Food Shop.
 39868 | Bazaar   | Found Jeali's Weapon Shoppe.
 39868 | Bazaar   | Found Gipeph's General Store.
 39870 | Bazaar   | Found Oskeila's Assorted Antiques.
 39913 | Bazaar   | Bought a scroll of brand weapon for 440 gold pieces
 39916 | Bazaar   | Bought the +2 cloak of Fun {Int+3 Stlth+} for 244 gold pieces
 39916 | Bazaar   | Bought 2 scrolls of fog for 32 gold pieces
 39916 | Bazaar   | Bought a scroll of holy word for 60 gold pieces
 39916 | Bazaar   | Bought a scroll of silence for 60 gold pieces
 40169 | Vaults:2 | Reached skill level 15 in Armour
 40470 | Vaults:3 | Gained Brunolf as an ally
 41217 | Vaults:3 | Found a staircase to the Crypt.
 41490 | Vaults:4 | Noticed Frederick
 41500 | Vaults:4 | Killed Frederick
 41729 | Vaults:4 | Reached skill level 24 in Axes
 41739 | Vaults:4 | Your ally Brunolf died
 42006 | Vaults:4 | Found Qanlip Soe's Magic Scroll Shop.
 42010 | Vaults:4 | Bought a scroll of enchant armour for 142 gold pieces
 42010 | Vaults:4 | Bought a scroll of amnesia for 66 gold pieces
 42070 | Vaults:4 | Noticed a tentacled monstrosity
 42085 | Vaults:4 | Killed a tentacled monstrosity
 42516 | Vaults:4 | Reached XP level 20. HP: 174/189 MP: 29/32
 43104 | Vaults:1 | Your ally Orkwin died
 43248 | Depths:1 | Entered Level 1 of the Depths
 43334 | Depths:1 | Gained Warrok as an ally
 43426 | Depths:1 | Found a gateway to Hell.
 43495 | Depths:1 | Noticed a lich
 43504 | Depths:1 | Killed a lich
 44253 | Depths:1 | Paralysed by a vampire knight for 3 turns
 44510 | Depths:1 | Found Huikio's Blood Bar.
 44661 | Depths:1 | Found a one-way gate to the infinite horrors of the Abyss.
 45868 | Depths:2 | Reached skill level 25 in Axes
 46152 | Depths:2 | Reached XP level 21. HP: 199/199 MP: 33/33
 46228 | Depths:2 | Noticed Jory
 46245 | Depths:2 | Killed Jory
 46793 | Depths:2 | Identified the +9 spear of Extermination {pain, rElec rF- rC+ SInv} (You found it on level 2 of the Depths)
 47428 | Depths:3 | Identified the cursed +1 chain mail of the Disturbing Gods {Regen+ Int-3 Dex+4 SInv} (You found it on level 3 of the Depths)
 47460 | Depths:3 | Found a one-way gate leading to the halls of Pandemonium.
 48176 | Depths:4 | Noticed a juggernaut
 48183 | Depths:4 | Killed a juggernaut
 48191 | Depths:4 | Noticed a golden dragon
 48213 | Depths:4 | Killed a golden dragon
 48642 | Depths:4 | Noticed a juggernaut
 48648 | Depths:4 | Killed a juggernaut
 48660 | Depths:4 | Reached XP level 22. HP: 197/209 MP: 30/34
 48763 | Depths:4 | Noticed a juggernaut
 48769 | Depths:4 | Killed a juggernaut
 48851 | Depths:4 | Identified the ring "Nipavat" {*Tele *Contam rC++ Dex+7} (You found it on level 4 of the Depths)
 48967 | Depths:4 | Reached skill level 26 in Axes
 49064 | Depths:4 | Reached skill level 1 in Air Magic
 49077 | Depths:4 | Noticed a golden dragon
 49079 | Depths:4 | Reached skill level 1 in Charms
 49083 | Depths:4 | Reached skill level 1 in Spellcasting
 49087 | Depths:4 | Killed a golden dragon
 49419 | Depths:4 | Noticed Xtahua
 49428 | Depths:4 | Paralysed by Xtahua for 5 turns
 49432 | Depths:4 | Killed Xtahua
 49432 | Depths:4 | Reached skill level 1 in Translocations
 49840 | Depths:4 | Found Coohojeu's Antique Armour Boutique.
 49850 | Depths:4 | Bought a warped chain mail for 361 gold pieces
 49850 | Depths:4 | Identified the +8 chain mail "Oblovu Xyus" {rPois rCorr} (You bought it in a shop on level 4 of the Depths)
 50566 | Elf:1    | Entered Level 1 of the Elven Halls
 50677 | Elf:1    | Reached skill level 5 in Translocations
 51754 | Elf:2    | Found Huiqiq's Book Shop.
 51935 | Elf:2    | Found a runed gate.
 51935 | Elf:2    | Found a runed gate.
 51935 | Elf:2    | Found a runed gate.
 52149 | Elf:2    | Reached XP level 23. HP: 207/217 MP: 32/35
 52537 | Elf:3    | Entered Level 3 of the Elven Halls
 52569 | Elf:3    | Noticed Saint Roka
 52577 | Elf:3    | Killed Saint Roka
 53247 | Elf:3    | Cast into level 3 of the Abyss (a deep elf sorcerer)
 53265 | Abyss:3  | Found a corrupted altar of Lugonu.
 53279 | Elf:3    | Escaped the Abyss
 53306 | Elf:3    | HP: 9/218 [deep elf sorcerer/damnation (27)]
 53732 | Elf:3    | Found Yzxiet's General Store.
 53755 | Elf:3    | Bought a scroll of recharging for 152 gold pieces
 53952 | Elf:3    | Identified the +14 crystal plate armour of Levity {-Tele rF+ Dex+3 Slay+6} (You found it on level 3 of the Elven Halls)
 54004 | Elf:3    | Got a heavily runed pewter ring
 54006 | Elf:3    | Identified the ring of Temptation {Str+7 Int+2} (You found it on level 3 of the Elven Halls)
 54011 | Elf:3    | Identified Deupp's Papyrus of Changing and Darkness
 54634 | Vaults:5 | Entered Level 5 of the Vaults
 54815 | Vaults:5 | Identified the cursed +1 battleaxe "Ykabeics" {chop, Int+4} (You found it on level 5 of the Vaults)
 55071 | Vaults:5 | Gained Garbold as an ally
 55139 | Vaults:5 | Noticed a golden dragon
 55143 | Vaults:5 | Noticed an ancient lich
 55151 | Vaults:5 | Killed a golden dragon
 55151 | Vaults:5 | Killed an ancient lich
 55190 | Vaults:5 | Identified the Collected Works on Creative Weightlessness
 55195 | Vaults:5 | Got a silver rune of Zot
 55244 | Vaults:5 | Reached XP level 24. HP: 190/228 MP: 31/36
 55465 | Vaults:5 | Noticed a caustic shrike
 55465 | Vaults:5 | an iron giant changed into a caustic shrike
 55470 | Vaults:5 | Killed a caustic shrike
 55978 | Vaults:5 | Noticed a juggernaut
 55978 | Vaults:5 | an iron giant changed into a juggernaut
 55980 | Vaults:5 | Killed a juggernaut
 56944 | Depths:5 | Entered Level 5 of the Depths
 57212 | Depths:5 | Noticed a juggernaut
 57218 | Depths:5 | Killed a juggernaut
 57554 | Depths:5 | Found a gateway to a ziggurat.
 57667 | Depths:5 | Found a gate to the Realm of Zot.
 58040 | Zot:1    | Entered Level 1 of the Realm of Zot
 58137 | Zot:1    | Reached XP level 25. HP: 238/238 MP: 36/36
 60789 | Zot:4    | Noticed a shard shrike
 60796 | Zot:4    | Killed a shard shrike
 61007 | Zot:4    | Got a glittering lapis lazuli ring
 61009 | Zot:4    | Identified the ring "Orhiluj" {Wiz rElec Str+4} (You found it on level 4 of the Realm of Zot)
 61153 | Zot:5    | Entered Level 5 of the Realm of Zot
 61435 | Zot:5    | Reached XP level 26. HP: 248/251 MP: 37/37
 61623 | Zot:5    | Noticed an ancient lich
 61632 | Zot:5    | Killed an ancient lich
 61771 | Zot:5    | Noticed an orb of fire
 61778 | Zot:5    | Killed an orb of fire
 61780 | Zot:5    | Noticed an ancient lich
 61789 | Zot:5    | Killed an ancient lich
 61802 | Zot:5    | Noticed an orb of fire
 61810 | Zot:5    | Killed an orb of fire
 62058 | Zot:5    | Noticed an orb of fire
 62058 | Zot:5    | Gained mutation: You are frail. (-10% HP) [an orb of fire]
 62065 | Zot:5    | Killed an orb of fire
 62098 | Zot:5    | Lost mutation: You are frail. (-10% HP) [potion of cure mutation]
 62098 | Zot:5    | Lost mutation: Your flesh is heat resistant. (rF+) [potion of cure mutation]
 62098 | Zot:5    | Lost mutation: You expend magic power (3 MP) to strengthen your wands. [potion of cure mutation]
 62110 | Zot:5    | Noticed an orb of fire
 62110 | Zot:5    | Gained mutation: Scrolls take you a little longer to read. [an orb of fire]
 62115 | Zot:5    | Killed an orb of fire
 62311 | Zot:5    | Got the Orb of Zot
 62337 | Zot:5    | Lost mutation: Scrolls take you a little longer to read. [potion of cure mutation]
 62880 | D:$      | Escaped with the Orb!

Vault maps used:
D:1:      dpeg_arrival_leaves_temple_mockup, minmay_crystal_room
D:2:      nicolae_qazlal_eye_of_the_storm
D:3:      uniq_robin
D:4:      first_bread
D:5:      kennysheep_six_static_rooms, grunt_dithmenos_smoke, serial_shops,
          shop, grunt_decor_fettered
D:6:      nicolae_ossuary_entry_plus
D:7:      grunt_livestock
D:8:      nemelex_xobeh_ov_fountains_minmay, serial_glass, glass_columns_a,
          glass_columns_c
D:9:      kennysheep_little_box, david_orc_5, minmay_fire_ice_demons,
          uniq_psyche
D:10:     serial_glass, glass_columns_b, glass_columns_c, uniq_nergalle
D:11:     erik_lair_dragon, enter_trove_5
D:14:     grunt_vaults_entry_fortified, minmay_misc_feat_roman,
          minmay_shop_grid_forest
D:15:     grunt_enter_depths_snipers, corexii_corridor_pit
Lair:1:   wad_woods_04
Lair:2:   grunt_megastairs_4, serial_bayou_shore_a
Lair:3:   cheibrodos_magma_flow, lab_entry_generic
Lair:4:   minmay_swamp_entry_swarm, spider_nest_entry_a, st_stairs_4,
          grunt_megastairs_2, lemuel_fruit_fields, serial_bayou_shore_b
Lair:5:   dragon1_lemuel, serial_bayou_pond_e, lemuel_fruit_fields,
          serial_bayou_shore_b, uniq_urug, uniq_snorg
Lair:6:   wormcave, hangedman_lair_tendril_chambers,
          nicolae_slime_entry_slimehenge, grunt_forest_large_clearing_hut
Swamp:1:  evilmike_swamp_ruin_house_4, swamp_pool3
Swamp:2:  nicolae_swamp_godswood
Swamp:3:  hangedman_swamp_pad, swamp_pool1, nicolae_swamp_round_clearing
Swamp:4:  swamp_old_school, swamp_pool1, nicolae_swamp_trees_clearing,
          hangedman_swamp_blocks, nicolae_swamp_treefoil, uniq_bai_suzhen
Spider:1: nicolae_spider_circle_web
Spider:2: cheibrodos_forgotten_conduit
Spider:3: uniq_asterion, uniq_arachne
Spider:4: grunt_spider_rune_parallel, uniq_mara
Orc:1:    nicolae_orc_bridge_out, uniq_fannar
Orc:2:    grunt_orc_gardens, grunt_orc_garden, grunt_orc_garden,
          grunt_orc_garden, grunt_orc_garden, basic_altar,
          nicolae_orc_crystal_geode
Elf:1:    orc_legates
Elf:2:    serial_shops, shop, lemuel_flamethrower_2
Elf:3:    minmay_elf_hall_x, serial_shops, shop_coins,
          roderic_lattice_octagonal_star, uniq_saint_roka
Vaults:1: vaults_room_boxed, nicolae_vaults_minivaults,
          nicolae_vaults_little_ls, v_misc_30, nicolae_vaults_shelves_hall,
          vaults_dpeg_hooks, nicolae_vaults_circle_grid_b, nicolae_vaults_theta,
          nicolae_vaults_little_squares_3, serial_shops, freezing_bzr,
          uniq_nikola, uniq_donald
Vaults:2: hangedman_vaults_cutoff, nicolae_vaults_network_periphery, v_misc_5,
          nicolae_vaults_network_square, v_misc_14, grunt_tower_of_power,
          nicolae_vaults_rhombus_5, ontoclasm_vaults_idyll, v_misc_10,
          v_misc_11, vaults_room_hallway, vaults_mumra_chevron_long,
          vaults_dpeg_ring, serial_shops, bzr_entry_islet
Vaults:3: nicolae_vaults_alarming, blue_anna_dwarven_crypt,
          ontoclasm_vaults_gallery, nicolae_vaults_inception_scallops,
          vaults_dpeg_cross, ontoclasm_vaults_hangar,
          ontoclasm_vaults_loading_screen, vaults_dpeg_encased_lava,
          nicolae_vaults_little_squares_4, v_misc_29, ontoclasm_vaults_chip,
          vaults_room_pools, ontoclasm_vaults_pinch,
          nicolae_vaults_little_squares_3
Vaults:4: grunt_vaults_twisty, serial_ice_h, st_eye, vaults_room_door_ring,
          ontoclasm_vaults_idyll, serial_shops, nicolae_shop_behind_doors,
          uniq_frederick
Vaults:5: serial_shops
Depths:1: minmay_misc_feat_plants, marbit_kobold_abyss_entry, hell_entry,
          dk_noncrumbling_4, st_stairs_13, small_chamber_with_monster,
          minmay_variable_closet, guppyfry_shop_blood
Depths:2: due_jory_tower, hell_entry, infiniplex_staircase_x
Depths:3: minmay_spriggan_fort, lightli_too_deep, grunt_pan_entry_in_and_out,
          laboratory, minmay_staircase_bubble
Depths:4: grunt_twisty_corner, serial_shops, shop, rand_demon_pan_entry_9,
          abyss_entry, hell_entry, fountainhead, minmay_misc_feat_x,
          serial_bayou_pond_c, serial_bayou_shore_b, uniq_xtahua
Depths:5: evilmike_zot_entry_diamond, enter_ziggurat_b, serial_bayou_pond_a,
          rand_demon_pan_entry_8, hangedman_coc_ice_floe, st_stairs_4
Zot:1:    st_stairs_14
Zot:2:    minmay_elemental_castle
Zot:3:    lemuel_draconian_sentries
Zot:5:    bh_zot_ikea_curve, st_stairs_4
Abyss:4:  guppyfry_abyss_exit_imp_island, hangedman_abyss_or_decor_stabs,
          evilmike_abyss_exit_16
Lab:      labyrinth_watery
Bazaar:   bazaar_jpeg_honeycomb, bazaar_minmay_generic_island
Ossuary:  minmay_ossuary_two_tombs

Skill      XL: |  1  2  3  4  5  6  7  8  9 10 11 12 13 14 15 16 17 18 19 20 21 22 23 24 25 26 |
---------------+-------------------------------------------------------------------------------+-----
Axes           | 5 6 7 8 10 12 13 15 16 17 18 20 22 23 24 25 26 | 26.0
Fighting       | 4 5 6 8 9 10 11 12 13 14 15 16 17 18 19 20 21 22 23 24 | 24.2
Armour         | 2 4 6 7 9 10 11 12 13 14 15 16 17 18 20 21 22 23 | 23.6
Invocations    | 3 6 8 9 11 12 13 14 15 16 17 18 19 21 22 | 22.7
Dodging        | 3 5 6 7 8 9 10 11 12 13 14 | 14.1
Air Magic      | 1 |  1.9
Charms         | 1 |  1.8
Spellcasting   | 4 |  4.2
Translocations | 6 |  6.5
Stealth        | |  1.5

Action                   |  1- 3 |  4- 6 |  7- 9 | 10-12 | 13-15 | 16-18 | 19-21 | 22-24 | 25-27 || total
-------------------------+-------+-------+-------+-------+-------+-------+-------+-------+-------++-------
Melee: Hand axe          |    95 |   242 |    17 |       |       |       |       |       |       ||   354
       Flail             |       |       |   570 |    47 |    33 |       |       |       |       ||   650
       War axe           |       |       |    77 |       |       |       |       |       |       ||    77
       Battleaxe         |       |       |       |   481 |   644 |    79 |       |       |       ||  1204
       Executioner's axe |       |       |       |       |   141 |   762 |   832 |   751 |   290 ||  2776
 Fire: Blowgun           |       |    66 |     7 |     9 |       |       |       |       |       ||    82
Throw: Stone             |    24 |     2 |       |       |       |       |       |       |       ||    26
       Throwing net      |       |       |       |     1 |     2 |       |       |       |       ||     3
 Cast: Repel Missiles    |       |       |       |       |       |       |       |     4 |     1 ||     5
Invok: Smiting           |       |       |     1 |    22 |    26 |    47 |    16 |    11 |    24 ||   147
       Convert to Beogh  |       |       |     1 |       |       |       |       |       |       ||     1
       Recall Orcish Fol |       |       |       |     3 |    11 |    14 |     7 |    16 |    13 ||    64
       Give Item to Name |       |       |       |       |     5 |     3 |     1 |     2 |       ||    11
       Resurrection      |       |       |       |       |     1 |       |     1 |     1 |       ||     3
Evoke: Wand              |       |       |     1 |     4 |     1 |     3 |     4 |     6 |    16 ||    35
  Use: Scroll            |     1 |     8 |     4 |    18 |    15 |    14 |     9 |    19 |     9 ||    97
       Potion            |       |       |       |     1 |       |     8 |     7 |     1 |     4 ||    21
 Stab: Held in net/web   |       |       |       |     1 |     1 |       |       |       |       ||     2
       Distracted        |       |       |       |     2 |     6 |     6 |    13 |    10 |     9 ||    46
       Confused          |       |       |       |     1 |     1 |       |       |       |       ||     2
       Invisible         |       |       |       |       |       |     6 |       |       |       ||     6
       Paralysed         |       |       |       |       |       |       |     1 |     1 |       ||     2
       Sleeping          |       |       |       |       |       |       |       |     1 |       ||     1
  Eat: Chunk             |     2 |     6 |     5 |    15 |     1 |       |       |       |       ||    29
       Meat ration       |     1 |       |     1 |       |       |     2 |     4 |     3 |     3 ||    14
       Fruit             |       |       |     7 |     3 |    28 |     8 |     7 |     8 |       ||    61
       Beef jerky        |       |       |       |     4 |     1 |     7 |     2 |     2 |     1 ||    17
       Royal jelly       |       |       |       |     1 |       |     2 |       |       |       ||     3
       Pizza             |       |       |       |       |     9 |     1 |     2 |     3 |     1 ||    16
Armor: Robe              |     8 |     2 |       |       |       |       |       |       |       ||    10
       Scale mail        |       |    71 |    84 |       |       |       |       |       |       ||   155
       Plate armour      |       |       |   394 |   364 |   536 |       |       |       |       ||  1294
       Fire dragon scale |       |       |       |       |    55 |   538 |   368 |   182 |       ||  1143
       Chain mail        |       |       |       |       |       |       |       |     4 |       ||     4
       Crystal plate arm |       |       |       |       |       |       |       |   186 |   250 ||   436
Dodge: Dodged            |    46 |   108 |   181 |   111 |   333 |   582 |   488 |   426 |   182 ||  2457
       Deflected         |       |       |       |       |       |       |       |    28 |     1 ||    29
